 Dungeon Crawl Stone Soup version 0.28-a0-447-g1f95980246 (webtiles) character file.

Game seed: 3638059661654023929

3313 quinnr the Stormcaller (level 10, -1/53 HPs)
             Began as a Tengu Air Elementalist on Sept 11, 2021.
             Was an Initiate of Vehumet.
             Shot with an arrow by a centaur (7 damage)
             ... on level 7 of the Dungeon on Sept 12, 2021.
             The game lasted 00:17:55 (9334 turns).

quinnr the Stormcaller (Tengu Air Elementalist)     Turns: 9334, Time: 00:17:56

Health: -1/53      AC:  2    Str: 10    XL:     10   Next: 1%
Magic:  11/15      EV: 15    Int: 18    God:    Vehumet [......]
Gold:   346        SH:  0    Dex: 14    Spells: 9/14 levels left

rFire   . . .      SeeInvis .   h - staff of earth
rCold   . . .      Faith    .   (no shield)
rNeg    . . .      Spirit   .   a - +0 robe
rPois   .          Reflect  .   (helmet restricted)
rElec   .          Harm     .   (no cloak)
rCorr   .          Rampage  .   (no gloves)
Will    .....                   (boots unavailable)
Stlth   ++........              (no amulet)
HPRegen 0.17/turn               (no ring)
MPRegen 0.14/turn               (no ring)

@: flying quickly and evasively, quick
A: beak, talons 3, nimble flight
a: Renounce Religion


You were on level 7 of the Dungeon.
You worshipped Vehumet.
Vehumet was noncommittal.
You visited 2 branches of the dungeon, and saw 8 of its levels.

You collected 346 gold pieces.

Inventory:

Missiles
 n - a throwing net
Armour
 a - a +0 robe (worn)
Magical Staves
 h - a staff of earth (weapon)
Wands
 d - a wand of mindburst (4)
 o - a wand of polymorph (8)
Scrolls
 b - 8 scrolls of identify {unknown}
 e - a scroll of silence {unknown}
 f - a scroll of holy word {unknown}
 g - 3 scrolls of amnesia {unknown}
 i - 2 scrolls of enchant armour {unknown}
 j - 2 scrolls of vulnerability {unknown}
 q - a scroll of noise {unknown}
 r - a scroll of blinking {unknown}
 s - 5 scrolls of teleportation {unknown}
 t - a scroll of magic mapping {unknown}
Potions
 k - 2 potions of lignification {unknown}
 l - a potion of might {unknown}
 m - a potion of flight {unknown}
 p - 2 potions of heal wounds {unknown}
 u - a potion of mutation {unknown}


   Skills:
 + Level 1.9 Fighting
 + Level 3.3 Dodging
 + Level 3.1 Stealth
 + Level 2.9 Spellcasting
 + Level 3.6 Conjurations
 - Level 15.6 Air Magic
 + Level 2.0 Evocations


You had 9 spell levels left.
You knew the following spells:

 Your Spells              Type           Power      Damage    Failure   Level
a - Shock                 Conj/Air       100%       1d9       1%          1
b - Airstrike             Air            28%        N/A       1%          4

Your spell library contained the following spells:

 Spells                   Type           Power      Damage    Failure   Level
 Static Discharge         Conj/Air       37%        N/A       1%          2
 Swiftness                Air            56%        N/A       1%          3
 Sublimation of Blood     Necr           1%         N/A       26%         2
 Petrify                  Tmut/Erth      3%         N/A       86%         4
 Irradiate                Conj/Tmut      4%         3d15      91%         5


Dungeon Overview and Level Annotations

Branches:
Dungeon (7/15)             Temple (1/1) D:4

Altars:
Ashenzari
Dithmenos
Elyvilon
Gozag
Hepliaklqana
Kikubaaqudgha
Makhleb
Okawaru
Qazlal
Ru
Sif Muna
Trog
Uskayaw
Vehumet
Wu Jian
Xom
Zin
The Shining One
Beogh

Shops:
D:2 *   D:7 (

Annotations:
D:3 3 runed translucent doors, RandomusNamus's ghost, weakling MiGl


Innate Abilities, Weirdness & Mutations

You have a beak for a mouth.
You have claws for feet.
Your magical nature lets you fly swiftly and evasively.


Message History

Your Evocations skill increases to level 2!
You have reached level 10!
Key pressed, stopping explore.
Key pressed, stopping explore.
Key pressed, stopping explore.
Key pressed, stopping explore.
o - a wand of polymorph (8) (gained 2 charges)
Found a robe.
Key pressed, stopping explore.
You see here a +0 robe.
Key pressed, stopping explore.
Found a stone staircase leading down.
There is a stone staircase leading down here.
You reach down and open the door.
Found a hazy altar of Hepliaklqana.
A centaur and a cyclops come into view.
The centaur shouts!
There is an open door here.
There are monsters nearby!
Casting: Airstrike (safe; 1% risk of failure)
Confirm with . or Enter, or press ? or * to list all spells.
Aiming: Airstrike (safe; 1% risk of failure)
Press: ? - help, Dir - move target, f - cyclops
Aim: a cyclops, quivering large rocks (wandering, hasn't noticed you, empty space bonus: 6/8)
The air twists around and strikes the cyclops!
The cyclops shouts!
The cyclops is moderately wounded.
The centaur wields a +0 shortbow.
The centaur shoots an arrow.
The arrow hits you!
The cyclops throws a large rock.
The large rock hits you!!!
Ouch! That really hurt!
* * * LOW HITPOINT WARNING * * *
Unknown command.
The centaur shoots an arrow.
The arrow closely misses you.
You reach down and close the door.
As you read the scroll of summoning, it crumbles to dust.
Wisps of shadow whirl around you...
A centaur opens the door.
You swap places.
The centaur shoots an arrow.
The arrow barely misses your water moccasin.
The arrow hits you!
You die...

...........# #†#....
#.........#.# #.#####
..........#.# #.....#
######.........#.#######.#
..........................
.P._.PC.######......#####.
....... #.#..#.# #...
#.....C##### #.##.#.# #.#.
#.. #....'S@J# #.##...#
#.#' #.# #...c###l#
#.###..###... ####.# #....
#.###.# #........ ...#.#
#.... #.....# ##.####..
##.#.# #.... #.##### #..
#.. ##.#.# #.... ###
######.###..
##.#.#########
............ #......<#
######..###. ##.#.##'####
##.# #.


You could see a cyclops, a centaur, a friendly water moccasin (summoned,
wandering), a friendly wyvern (summoned) and a friendly jelly (summoned,
wandering).

Vanquished Creatures
  Sigmund (D:3)
  A wyvern (D:7)
  4 yaks
  A steam dragon (D:7)
  2 water moccasins (D:7)
  An ice beast (D:5)
  A sky beast (D:7)
  2 ogres (D:5)
  A necrophage (D:6)
  3 centaurs
  3 phantoms
  Blork the orc (D:6)
  A scorpion (D:6)
  A bullfrog (D:6)
  2 centaur zombies (D:6)
  2 hounds
  A jelly (D:7)
  2 bullfrog skeletons
  2 orc priests
  2 iguanas
  3 orc wizards
  Natasha (thrice) (D:3)
  A killer bee zombie (D:7)
  Robin (D:3)
  5 adders
  6 gnolls
  2 worms (D:2)
  3 dart slugs
  14 orcs
  6 ball pythons
  4 endoplasms
  5 giant cockroaches
  14 goblins
  10 hobgoblins
  4 jackals
  A quokka (D:2)
  4 bats
  3 frilled lizards
  2 kobolds
  5 rats
130 creatures vanquished.

Vanquished Creatures (collateral kills)
  Ijyb (D:3)
1 creature vanquished.

Vanquished Creatures (others)
  9 plants
9 creatures vanquished.

Grand Total: 140 creatures vanquished

Notes
Turn   | Place    | Note
-------+----------+-------------------------------------------
     0 | D:1      | quinnr the Tengu Air Elementalist began the quest for the
                  | Orb.
     0 | D:1      | Reached XP level 1. HP: 10/10 MP: 4/4
   153 | D:1      | Reached XP level 2. HP: 15/15 MP: 4/6
   463 | D:1      | You fall into a shaft and drop 1 floor!
   463 | D:2      | Found a faded altar of an unknown god.
   680 | D:2      | Found Sijil's Assorted Antiques.
   694 | D:2      | Reached skill level 5 in Air Magic
   704 | D:2      | Reached XP level 3. HP: 19/19 MP: 3/7
   831 | D:2      | Reached skill level 6 in Air Magic
   831 | D:2      | Reached XP level 4. HP: 24/24 MP: 1/8
  1363 | D:2      | Upgraded the game from 0.28-a0-429-g1448048969 to
                  | 0.28-a0-447-g1f95980246
  2217 | D:3      | Reached skill level 7 in Air Magic
  2283 | D:3      | Noticed Natasha
  2286 | D:3      | Killed Natasha
  2287 | D:3      | Gained mutation: Your magical nature lets you fly swiftly
                  | and evasively. [Tengu growth]
  2287 | D:3      | Reached XP level 5. HP: 28/28 MP: 5/9
  2340 | D:3      | Noticed Sigmund
  2358 | D:3      | Killed Sigmund
  2359 | D:3      | Reached skill level 8 in Air Magic
  2359 | D:3      | Reached XP level 6. HP: 21/32 MP: 3/10
  2485 | D:3      | Noticed Natasha
  2500 | D:3      | Killed Natasha
  2501 | D:3      | Reached skill level 9 in Air Magic
  2989 | D:3      | Learned a level 4 spell: Airstrike
  3184 | D:3      | Found an iron altar of Okawaru.
  3323 | D:3      | Noticed Natasha
  3333 | D:3      | Killed Natasha
  3375 | D:3      | Noticed Ijyb
  3377 | D:3      | HP: 2/32 [disintegration (30)]
  3398 | D:3      | Killed Ijyb
  3730 | D:3      | Found a runed translucent gate.
  3732 | D:3      | Found a runed translucent gate.
  3732 | D:3      | Found a runed translucent gate.
  3733 | D:3      | Noticed RandomusNamus's ghost (weakling MiGl)
  3734 | D:3      | Identified the +1 leather armour "Xeeckam" {rElec rF+}
  3782 | D:4      | Reached XP level 7. HP: 36/36 MP: 7/11
  4144 | D:4      | Noticed Robin
  4168 | D:4      | Reached skill level 10 in Air Magic
  4185 | D:3      | Killed Robin
  4388 | D:4      | Noticed a wyvern
  4464 | D:4      | Found a staircase to the Ecumenical Temple.
  4473 | Temple   | Entered the Ecumenical Temple
  4609 | Temple   | Became a worshipper of Vehumet
  5095 | D:5      | Entered Level 5 of the Dungeon
  5097 | D:5      | Noticed a yak
  5099 | D:5      | Noticed a yak
  5100 | D:5      | Noticed a yak
  5326 | D:5      | Reached skill level 11 in Air Magic
  5765 | D:4      | Reached XP level 8. HP: 28/41 MP: 7/12
  6022 | D:5      | Found a broken altar of Ashenzari.
  6055 | D:5      | Noticed a yak
  6076 | D:5      | Killed a yak
  6077 | D:5      | Reached skill level 12 in Air Magic
  6159 | D:4      | Killed a yak
  6230 | D:4      | Killed a yak
  6231 | D:4      | Reached skill level 13 in Air Magic
  6402 | D:4      | Killed a yak
  6766 | D:5      | Reached skill level 14 in Air Magic
  6983 | D:6      | Found an opulent altar of Gozag.
  6990 | D:6      | Reached XP level 9. HP: 33/45 MP: 0/13
  7335 | D:6      | Reached skill level 15 in Air Magic
  7784 | D:6      | Noticed Blork the orc
  7789 | D:6      | Killed Blork the orc
  8380 | D:7      | Found a shimmering blue altar of Sif Muna.
  8380 | D:7      | Found an ornate altar of the Wu Jian Council.
  8593 | D:7      | Found Icrak's Antique Weapon Shop.
  8666 | D:7      | Reached skill level 1 in Evocations
  8742 | D:7      | Reached skill level 1 in Fighting
  9091 | D:7      | Reached XP level 10. HP: 38/53 MP: 1/15
  9328 | D:7      | Found a hazy altar of Hepliaklqana.
  9329 | D:7      | Noticed a cyclops
  9330 | D:7      | HP: 5/53 [cyclops/large rock (39)]
  9334 | D:7      | Shot with an arrow by a centaur

Illustrated notes

Levels and vault maps discovered:
D:1:      dpeg_arrival_radiant, layout_rooms, chequers_serial_rivers_micro_a,
          hangedman_abyss_or_decor_stabs
D:2:      cheibrodos_old_hovel, layout_rooms, serial_shops, shop,
          basic_ecumenical_altar
D:3:      layout_loops_cross, okawaru_gym_becter, biasface_ghost_orc_armoury,
          grunt_ministairs_5, minmay_strange_pillars, minmay_misc_feat_cross,
          uniq_ijyb, uniq_natasha, uniq_sigmund
D:4:      layout_basic, minmay_temple_entry_tees, serial_forest,
          infiniplex_forest_lined_1, infiniplex_forest_end_1,
          infiniplex_forest_clump_double, infiniplex_forest_clump_small,
          infiniplex_forest_zigzag_2, infiniplex_forest_zigzag_1, uniq_robin
D:5:      layout_rooms, ashenzari_conservatory_becter, st_stairs_3, nrook_uturn,
          minmay_hedge_maze
D:6:      layout_rooms, overflow_temple_1_default, uniq_blork_the_orc
D:7:      layout_basic, mainiacjoe_overflow_tiny_flanked,
          mainiacjoe_overflow_divided_tiny, serial_shops, shop
Temple:   minmay_temple_bridge_abc

Skill      XL: |  1  2  3  4  5  6  7  8  9 |
---------------+----------------------------+-----
Conjurations   | 2 3 |  3.6
Air Magic      | 5 6 7 8 9 11 14 15 | 15.6
Evocations     | 2 |  2.0
Fighting       | 1 |  1.9
Dodging        | 3 |  3.3
Stealth        | 3 |  3.1
Spellcasting   | |  2.9

Action                   |  1- 3 |  4- 6 |  7- 9 | 10-12 || total
-------------------------+-------+-------+-------+-------++-------
Melee: Unarmed           |     5 |     5 |       |       ||    10
       Kick              |     2 |       |     9 |       ||    11
       Peck              |     1 |       |     6 |       ||     7
       Staff             |       |       |    22 |       ||    22
 Cast: Shock             |    42 |   120 |   170 |       ||   332
       Airstrike         |       |     1 |    43 |     1 ||    45
  Use: Scroll            |       |     2 |       |     1 ||     3
       Potion            |       |     1 |       |       ||     1
Armor: Robe              |     5 |     1 |    14 |       ||    20
Dodge: Dodged            |    14 |     8 |    67 |     1 ||    90

Table legend: (Time is in decaauts)
 A = Elapsed time spent in this place.
 B = Non-inter-level travel time spent in this place.
 C = Inter-level travel time spent in this place.
 D = Time resting spent in this place.
 E = Time spent auto-exploring this place.
 F = Levels seen in this place.
 G = Mean time per level.
                   A        B        C        D        E       F      G
               +--------+--------+--------+--------+--------+-----+--------+
         Total |   9084 |   8933 |    151 |   2109 |   5677 |   8 | 1135.5 |
       Dungeon |   8940 |   8807 |    133 |   2109 |   5566 |   7 | 1277.1 |
        Temple |    143 |    125 |     18 |      0 |    111 |   1 |  143.0 |
               +--------+--------+--------+--------+--------+-----+--------+

Top non-repeatable levels by time:
     D:4: 2051 daAuts
     D:3: 1778 daAuts
     D:2: 1630 daAuts
     D:5: 1054 daAuts
     D:6: 1051 daAuts
     D:7: 910 daAuts
     D:1: 463 daAuts
  Temple: 143 daAuts
